 Dungeon Crawl Stone Soup version 0.28-a0-938-gbc3f381ebc (webtiles) character file.

Game seed: 3153552543821928638

435 mcbry74 the Cleaver (level 7, 0/57 HPs)
             Began as a Hill Orc Fighter on Nov 28, 2021.
             Was a Follower of Qazlal.
             Slain by a killer bee (4 damage)
             ... on level 4 of the Dungeon.
             The game lasted 00:09:05 (3840 turns).

mcbry74 the Cleaver (Hill Orc Fighter)              Turns: 3840, Time: 00:09:05

Health: 0/57       AC:  8    Str: 21    XL:     7   Next: 0%
Magic:  7/7        EV:  9    Int:  8    God:    Qazlal [*.....]
Gold:   144        SH:  6    Dex: 10    Spells: 6/6 levels left

rFire   . . .      SeeInvis .   q - +7 club
rCold   . . .      Faith    .   c - +0 buckler
rNeg    . . .      Spirit   .   b - +0 scale mail
rPois   .          Reflect  .   (no helmet)
rElec   .          Harm     .   l - +0 cloak
rCorr   .          Rampage  .   (no gloves)
Will    .....                   (no boots)
Stlth   ..........              (no amulet)
HPRegen 0.19/turn               (no ring)
MPRegen 0.10/turn               (no ring)

@: mighty
A: no striking features
a: Renounce Religion


You were on level 4 of the Dungeon.
You worshipped Qazlal.
Qazlal was aware of your devotion.
You visited 1 branch of the dungeon, and saw 4 of its levels.

You collected 144 gold pieces.

Inventory:

Hand Weapons
 a - a +0 war axe
 m - a +0 long sword of holy wrath
 q - a +7 club (weapon)
 s - a +1 flail of protection
Missiles
 r - 2 javelins (quivered)
 v - a throwing net
Armour
 b - a +0 scale mail (worn)
 c - a +0 buckler (worn)
 l - a +0 cloak (worn)
Jewellery
 g - a ring of magical power
Scrolls
 e - a scroll of amnesia
 i - a scroll of enchant weapon {unknown}
 j - a scroll of fear {unknown}
 n - a scroll of immolation
 t - 2 scrolls of teleportation
 u - a scroll of noise {unknown}
Potions
 k - a potion of cancellation {unknown}
 o - a potion of berserk rage {unknown}
 p - a potion of experience {unknown}


   Skills:
 - Level 3.6 Fighting
 * Level 8.0 Axes
 + Level 5.4 Armour
 - Level 3.2 Shields


You had 6 spell levels left.
You didn't know any spells.
Your spell library was empty.

Dungeon Overview and Level Annotations

Branches:
Dungeon (4/15)             Temple (0/1) D:4

Altars:
Makhleb
Qazlal


Message History

The killer bee is lightly wounded.
You feel sick.
You are no longer poisoned.
You block the killer bee's attack. The killer bee stings you. x2
You feel very mighty all of a sudden. The killer bee stings you.
The killer bee closely misses you.
You sock the killer bee!
The killer bee is severely wounded.
The killer bee misses you.
The killer bee stings you but does no damage.
You miss the killer bee.
The killer bee is severely wounded.
The killer bee stings you but does no damage.
You block the killer bee's attack.
You sock the killer bee!
You kill the killer bee!
Qazlal accepts your kill. You block the killer bee's attack.
You sock the killer bee!
The killer bee is heavily wounded.
The killer bee barely misses you. The killer bee stings you.
* * * LOW HITPOINT WARNING * * *
The killer bee barely misses you.
You thump the killer bee!
You kill the killer bee!
Qazlal accepts your kill. The killer bee stings you.
* * * LOW HITPOINT WARNING * * *
Your Axes skill increases to level 8!
You have reached level 7!
You thump the killer bee!
The killer bee is heavily wounded.
You block the killer bee's attack.
The killer bee stings you but does no damage.
The killer bee stings you.
* * * LOW HITPOINT WARNING * * *
You completely miss the killer bee.
The killer bee is heavily wounded.
The killer bee closely misses you. The killer bee stings you.
You die...

########## #........#
######### #........#
#......y###........#######
+......yy@................
#.......##.........#.##...
#.......##.........#.##...
#..###'###...#######.##...
#. #..y.y#...........#...#
# #.⌠.⌠.####.####...#..##
+..>..'.# .# ##...#..÷.
#.⌠.⌠.#..... ..........
#.....#..#.#########.#.


You could see 3 killer bees.

Vanquished Creatures
  A necrophage (D:4)
  A scorpion (D:4)
  2 killer bees (D:4)
  Crazy Yiuf (D:3)
  Jessica (D:3)
  3 gnolls (D:3)
  4 adders
  5 dart slugs
  5 orcs
  3 endoplasms
  4 giant cockroaches
  6 goblins
  7 hobgoblins
  4 jackals (D:2)
  2 kobolds
  5 quokkas
  5 ball pythons
  9 bats
  3 rats
71 creatures vanquished.

Notes
Turn   | Place    | Note
-------+----------+-------------------------------------------
     0 | D:1      | mcbry74 the Hill Orc Fighter began the quest for the Orb.
     0 | D:1      | Reached XP level 1. HP: 19/19 MP: 1/1
    10 | D:1      | Found a faded altar of an unknown god.
    22 | D:1      | Reached skill level 3 in Axes
    40 | D:2      | Reached XP level 2. HP: 16/26 MP: 2/2
   277 | D:3      | Found a stormy altar of Qazlal.
   286 | D:3      | Became a worshipper of Qazlal Stormbringer
   433 | D:1      | Reached skill level 4 in Axes
   436 | D:1      | Reached XP level 3. HP: 31/31 MP: 3/3
  1604 | D:2      | Reached * piety under Qazlal
  1715 | D:2      | Found a burning altar of Makhleb.
  1797 | D:2      | Reached XP level 4. HP: 38/39 MP: 4/4
  2228 | D:3      | Noticed Jessica
  2236 | D:3      | Killed Jessica
  2237 | D:3      | Reached skill level 5 in Axes
  2346 | D:3      | Reached XP level 5. HP: 41/45 MP: 5/5
  2655 | D:3      | Reached skill level 6 in Axes
  3033 | D:3      | Found a runed translucent door.
  3034 | D:3      | Noticed Crazy Yiuf
  3236 | D:3      | Killed Crazy Yiuf
  3485 | D:4      | Noticed a necrophage
  3491 | D:4      | Killed a necrophage
  3492 | D:4      | Reached skill level 7 in Axes
  3492 | D:4      | Reached skill level 5 in Armour
  3492 | D:4      | Reached XP level 6. HP: 49/51 MP: 6/6
  3819 | D:4      | Found a staircase to the Ecumenical Temple.
  3839 | D:4      | Reached skill level 8 in Axes
  3839 | D:4      | Reached XP level 7. HP: 9/57 MP: 7/7
  3840 | D:4      | Slain by a killer bee

Illustrated notes

Levels and vault maps discovered:
D:1:      ncdulo_wetmaze, layout_loops_ring, chequers_ecumenical_altar_simple
D:2:      layout_loops_corners, basic_altar
D:3:      layout_loops_corners, mainiacjoe_overflow_surrounded_room,
          uniq_crazy_yiuf_cottage, uniq_jessica
D:4:      layout_basic, minmay_temple_entry_hall, kennysheep_small_square

Skill      XL: |  1  2  3  4  5  6 |
---------------+-------------------+-----
Axes           | 3 4 5 7 8 |  8.0
Armour         | 4 5 |  5.4
Fighting       | |  3.6
Shields        | |  3.2

Action                   |  1- 3 |  4- 6 |  7- 9 || total
-------------------------+-------+-------+-------++-------
Melee: War axe           |    95 |    14 |       ||   109
       Club              |       |    91 |     2 ||    93
Throw: Throwing net      |       |     1 |       ||     1
  Use: Scroll            |       |     4 |       ||     4
       Potion            |       |     1 |       ||     1
Armor: Scale mail        |    39 |    37 |     1 ||    77
Dodge: Dodged            |    55 |    33 |     1 ||    89
Block: Buckler           |    19 |    26 |     1 ||    46

Table legend: (Time is in decaauts)
 A = Elapsed time spent in this place.
 B = Non-inter-level travel time spent in this place.
 C = Inter-level travel time spent in this place.
 D = Time resting spent in this place.
 E = Time spent auto-exploring this place.
 F = Levels seen in this place.
 G = Mean time per level.
                   A        B        C        D        E       F      G
               +--------+--------+--------+--------+--------+-----+--------+
         Total |   3894 |   3788 |    106 |    485 |   2576 |   4 |  973.5 |
       Dungeon |   3894 |   3788 |    106 |    485 |   2576 |   4 |  973.5 |
               +--------+--------+--------+--------+--------+-----+--------+

Top non-repeatable levels by time:
     D:3: 1381 daAuts
     D:2: 1245 daAuts
     D:1: 894 daAuts
     D:4: 373 daAuts
